 Dungeon Crawl Stone Soup version 0.20-a0-551-gc8f91ca (webtiles) character file.

11 M4edhros the Ducker (level 2, 0/14 HPs)
             Began as a Felid Chaos Knight on Feb 3, 2017.
             Succumbed to a kobold's poison
             ... on level 1 of the Dungeon.
             The game lasted 00:00:46 (2836 turns).

M4edhros the Ducker (Felid Chaos Knight)            Turns: 2836, Time: 00:00:47

Health: 0/14       AC:  3    Str:  8    XL:     2   Next: 17%
Magic:  3/3        EV: 18    Int: 11    God:    Xom [......]
Gold:   10         SH:  0    Dex: 15    Spells: 1/1 levels left
                                        Lives:  0   Deaths: 0

rFire    . . .     SeeInvis +     - Unarmed
rCold    . . .     Gourm    .   (armour unavailable)
rNeg     . . .     Faith    .   (shield unavailable)
rPois    .         Spirit   .   (helmet unavailable)
rElec    .         Reflect  .   (cloak unavailable)
rCorr    .         Harm     .   (gloves unavailable)
MR       .....                  (boots unavailable)
Stlth    ++........             (no amulet)
Regen    0.1/turn               (no ring)
                                (no ring)

@: lethally poisoned (0 -> -18), flying, quick
A: no armour, no weapons or thrown items, stealth, claws 1, fangs 3, icy blue
scales 1, see invisible, carnivore 3, dopey 1, speed 1, shaggy fur 1, slow
metabolism 1, sharp paws
a: Renounce Religion


You were on level 1 of the Dungeon.
You worshipped Xom.
You were a very special plaything of Xom.
You were not hungry.

You visited 1 branch of the dungeon, and saw 1 of its levels.

You collected 10 gold pieces.

Inventory:

Scrolls
 c - a scroll of magic mapping {unknown}
Comestibles
 a - a meat ration
 b - a royal jelly


   Skills:
 + Level 3.1 Fighting
 + Level 3.4 Dodging
 * Level 1.5 Stealth
 + Level 3.1 Unarmed Combat


You had one spell level left.
You didn't know any spells.

Dungeon Overview and Level Annotations

Branches:
Dungeon (1/15)

Altars:


Innate Abilities, Weirdness & Mutations

You cannot wear armour.
You are incapable of wielding weapons or throwing items.
Your paws allow you to move quietly. (Stealth)
You have sharp claws.
You have razor-sharp teeth.
You have supernaturally acute eyesight. (SInv)
You are carnivorous and can eat meat at any time.
You cover ground quickly.
You are covered in fur. (AC +1)
You have a slow metabolism.
Your sharp claws are effective at attacking unaware monsters.
You are partially covered in icy blue scales. (AC +2)
You are dopey. (Int -2)


Message History

You are more poisoned.
You are too injured to fight recklessly!
You scratch the kobold.
You kill the kobold!
* * * LOW HITPOINT WARNING * * *
You feel sick.
Unknown command.
* * * LOW HITPOINT WARNING * * *
You feel sick.
Items here: ! ( ) † a dagger of venom; a stone; a fizzy white potion; a kobold corpse It was a potion of flight.
You feel very buoyant.
You fly up into the air.
Xom is highly amused!
* * * LOW HITPOINT WARNING * * *
You feel sick.
You swap places.
You die...
Xom chortles!

####.....##.......## #
##......###.#######.##
....#..###.###.##.....##.##
.......).)..#.##.#####.##.#
...#.#####...##.##...##.#.#
∆#.........#.##.###.#.#.##
.b.###...##.#.##⌠#.#.#.⌠#
#..b.b..#..#.#....#.#.##
#####.bb@#<##.#.#⌠##.#.# K
......J.b###.##.###.##.#
..##..#####⌠.#⌠....##.##
#.# ##.#######.## ...
##.......## ... ####⌠####
#... ### .##


You could see an ooze.

Vanquished Creatures
  An ooze (D:1)
  2 goblins (D:1)
  A hobgoblin (D:1)
  A bat (D:1)
  A frilled lizard (D:1)
  A kobold (D:1)
  A rat (D:1)
8 creatures vanquished.

Notes
Turn   | Place    | Note
-------+----------+-------------------------------------------
     0 | D:1      | M4edhros the Felid Chaos Knight began the quest for the Orb.
     0 | D:1      | Reached XP level 1. HP: 10/10 MP: 2/2
   234 | D:1      | XOM: divination: magic mapping
   763 | D:1      | XOM: divination: detect creatures
   962 | D:1      | Reached skill level 1 in Stealth
   984 | D:1      | XOM: harmless Fire miscast
  1033 | D:1      | XOM: divination: detect items
  1158 | D:1      | XOM: harmless Erth miscast
  1459 | D:1      | XOM: silly message
  1551 | D:1      | XOM: divination: detect creatures
  1601 | D:1      | Reached XP level 2. HP: 4/14 MP: 3/3
  2006 | D:1      | XOM is BORED!
  2006 | D:1      | XOM: give mutation
  2006 | D:1      | Gained mutation: You are dopey. (Int -2) [Xom's mischief]
  2475 | D:1      | XOM: give mutations
  2475 | D:1      | Gained mutation: You are partially covered in icy blue scales. (AC +2) [Xom's mischief]
  2533 | D:1      | XOM: cloud trail
  2559 | D:1      | XOM: harmless Ice miscast
  2830 | D:1      | XOM: butterfly on damage
  2836 | D:1      | Succumbed to a kobold's poison

Vault maps used:
D:1:      nagdon_arrival_double_spiral

Skill      XL: |  1 |
---------------+----+-----
Stealth        | 1 |  1.5
Fighting       | |  3.1
Dodging        | |  3.4
Unarmed Combat | |  3.1

Action                   || total
-------------------------++-------
Melee: Unarmed           ||    28
       Punch             ||     1
       Bite              ||     1
  Use: Potion            ||     1
  Eat: Chunk             ||     5
Armor: Skin              ||     1
Dodge: Dodged            ||    18
